 Dungeon Crawl Stone Soup version 0.29-a0-841-g116ddc6ace (webtiles) character file.

Game seed: 4311380842196679953

0 Hasart the Digger (level 1, -1/14 HPs)
             Began as a Meteoran Earth Elementalist on July 15, 2022.
             Slain by an endoplasm (3 damage)
             ... on level 2 of the Dungeon.
             The game lasted 00:00:44 (44 turns).

Hasart the Digger (Meteoran Earth Elementalist)       Turns: 44, Time: 00:00:45

Health: -1/14      AC:  2    Str:  9    XL:     1   Next: 14%
Magic:  5/5        EV: 12    Int: 16    God:
Gold:   0          SH:  0    Dex: 14    Spells: 4/5 levels left

rFire   . . .      SeeInvis .   (no weapon)
rCold   . . .      Faith    .   (no shield)
rNeg    . . .      Spirit   .   a - +0 robe
rPois   .          Reflect  .   (no helmet)
rElec   .          Harm     .   (no cloak)
rCorr   .          Rampage  .   (no gloves)
Will    .....                   (no boots)
Stlth   +.........              (no amulet)
HPRegen 0.04/turn               (no ring)
MPRegen 0.09/turn               (no ring)

@: glowing
A: sense surroundings 1, otherworldly, glowing, explore regen
a: no special abilities


You were on level 2 of the Dungeon.
You visited 1 branch of the dungeon, and saw 2 of its levels.

Inventory:

Armour
 a - a +0 robe (worn)
Scrolls
 c - a scroll of enchant armour {unknown}
Potions
 b - a potion of magic


   Skills:
 + Level 2.4 Dodging
 + Level 1.4 Stealth
 + Level 2.7 Spellcasting
 + Level 1.2 Transmutations
 + Level 3.6 Earth Magic


You had 4 spell levels left.
You knew the following spells:

 Your Spells              Type           Power      Damage    Failure   Level
a - Sandblast             Erth           26%        2d8       4%          1

Your spell library contained the following spells:

 Spells                   Type           Power      Damage    Failure   Level
 Passwall                 Tmut/Erth      7%         N/A       11%         2
 Stone Arrow              Conj/Erth      14%        3d7       28%         3
 Petrify                  Tmut/Erth      9%         N/A       56%         4


Dungeon Overview and Level Annotations

Branches:
Dungeon (2/15) Zot: 1154

Altars:


Innate Abilities, Weirdness & Mutations

You passively map a small area around you.
You are easily found by Zot.
You glow in the dark.
You regain HP and MP as you explore.


Message History

There is a stone staircase leading up here.
c - a scroll labelled DUEKUN ASALICS A rat comes into view.
A rat is nearby!
Casting: Sandblast (safe; 4% risk of failure)
Confirm with . or Enter, or press ? or * to list all spells.
Aiming: Sandblast (safe; 4% risk of failure)
Press: ? - help, Shift-Dir - straight line, f - rat
Aim: a rat (79% to hit)
The blast of sand hits the rat.
You kill the rat!
Casting: Sandblast (safe; 4% risk of failure)
Confirm with . or Enter, or press ? or * to list all spells.
You can't see any susceptible monsters within range! (Use Z to cast anyway.) Magic restored.
An endoplasm comes into view.
Found 11 gold pieces.
An endoplasm is nearby!
The endoplasm quivers.
You hit the endoplasm.
The endoplasm is lightly wounded.
The endoplasm hits you. The endoplasm freezes you.
You are frozen.
The endoplasm freezes you.
You are frozen.
The endoplasm freezes you.
You are frozen.
The endoplasm hits you but does no damage.
The endoplasm freezes you.
You are frozen.
The endoplasm freezes you.
You are frozen.
The endoplasm hits you.
The endoplasm hits you but does no damage.
The endoplasm freezes you.
You are frozen.
* * * LOW HITPOINT WARNING * * *
The endoplasm hits you.
You die...

* #.####* , * #.##..
.$.,.# * #.##.# #.#*.#
#.##.# #.#*.# ,* #.##.#
#.##.## * ,
#.##.###.#...####
.#######...............+
.........##.###.#...# ,
, ####..#####.....@J.#*
, ####.### #####.....# ,
* #.....<# #####.#
#.##.#.# # + #.##.#.#
#.#..#.# * * #.#.##.#
#.#. #.# * , #...,..#


You could see an endoplasm.

Vanquished Creatures
  A rat (D:2)
1 creature vanquished.

Notes
Turn   | Place    | Note
-------+----------+-------------------------------------------
     0 | D:1      | Hasart the Meteoran Earth Elementalist began the quest for
                  | the Orb.
     0 | D:1      | Reached XP level 1. HP: 14/14 MP: 5/5
    44 | D:2      | Slain by an endoplasm

Illustrated notes

Levels and vault maps discovered:
D:1:      scummos_arrival_checkerplants, layout_loops_corners, serial_shops,
          nicolae_lakefront_shop, minmay_pentomino_v2
D:2:      layout_loops_corners, serial_shops, nicolae_shop_statue_plus, shop,
          nicolae_ecumenical_snake_handling, minmay_rat_hole

Action                   || total
-------------------------++-------
Melee: Unarmed           ||     1
 Cast: Sandblast         ||     1
Armor: Robe              ||     2

Table legend: (Time is in decaauts)
 A = Elapsed time spent in this place.
 B = Non-inter-level travel time spent in this place.
 C = Inter-level travel time spent in this place.
 D = Time resting spent in this place.
 E = Time spent auto-exploring this place.
 F = Levels seen in this place.
 G = Mean time per level.
                   A        B        C        D        E       F      G
               +--------+--------+--------+--------+--------+-----+--------+
         Total |     44 |     44 |      0 |      0 |     21 |   2 |   22.0 |
       Dungeon |     44 |     44 |      0 |      0 |     21 |   2 |   22.0 |
               +--------+--------+--------+--------+--------+-----+--------+

Top non-repeatable levels by time:
     D:2: 35 daAuts
     D:1: 9 daAuts
